 Dungeon Crawl Stone Soup version 0.19.1-1-g22dce08 (webtiles) character file.

84 theAP the Skirmisher (level 4, -2/29 HPs)
             Began as a Gargoyle Fighter on Jan 3, 2017.
             Splashed by a jelly's acid (4 damage)
             ... on level 2 of the Dungeon.
             The game lasted 00:04:51 (1856 turns).

theAP the Skirmisher (Gargoyle Fighter)             Turns: 1856, Time: 00:04:52

Health: -2/29      AC:  3    Str: 21    XL:     4   Next: 46%
Magic:  4/4        EV:  3    Int:  8    God:
Gold:   99         SH: 10    Dex:  9    Spells: 0 memorised, 3 levels left

rFire  . . .     SeeInvis +     a - +0 flail
rCold  . . .     Gourm    .     k - +0 plate armour
rNeg   + . .     Faith    .     c - +1 shield
rPois  ∞         Spirit   .     (no helmet)
rElec  +         Reflect  .     (no cloak)
rCorr  .         Harm     .     (no gloves)
MR     .....                    (no boots)
Stlth  ..........               e - amulet of inaccuracy (curse)
                                (no ring)
                                n - ring of see invisible

@: corroded
A: negative energy resistance 1, electricity resistance, unbreathing,
petrification resistance, rot immunity, AC +3
a: no special abilities


You were on level 2 of the Dungeon.
You were not hungry.

You visited 1 branch of the dungeon, and saw 2 of its levels.

You collected 99 gold pieces.

Inventory:

Hand Weapons
 a - a +0 flail (weapon)
Armour
 b - a +0 scale mail
 c - a +1 shield (worn)
 k - a +0 plate armour (worn)
 m - a +1 chain mail of cold resistance
Jewellery
 e - a cursed amulet of inaccuracy (around neck)
 j - an uncursed ring of poison resistance
 n - a ring of see invisible (left hand)
Scrolls
 d - a scroll of amnesia
 h - a scroll of teleportation
 i - a scroll of recharging
Comestibles
 f - a bread ration
 g - 2 meat rations


   Skills:
 + Level 4.0 Fighting
 * Level 3.7 Maces & Flails
 - Level 3.4 Armour
 - Level 3.5 Shields


You had 3 spell levels left.
You didn't know any spells.

Dungeon Overview and Level Annotations

Branches:
Dungeon (2/15)

Altars:


Innate Abilities, Weirdness & Mutations

You are resistant to torment.
Your stone body is resilient. (AC +3)
You are immune to poison.
You resist negative energy. (rN+)
You are resistant to electric shocks. (rElec)
You can survive without breathing.
You are immune to petrification.
You are immune to rotting.


Message History

The jelly hits you but does no damage.
You hit the jelly but do no damage. The acid corrodes you!
Your hands burn!
* * * LOW HITPOINT WARNING * * *
The jelly is severely wounded.
You block the jelly's attack. x2
You are too injured to fight recklessly!
You are too injured to fight recklessly!
You are too injured to fight recklessly!
You are too injured to fight recklessly!
You are too injured to fight recklessly!
You hit the jelly but do no damage.
Your hands burn!
* * * LOW HITPOINT WARNING * * *
The jelly is severely wounded.
The jelly barely misses you.
You barely miss the jelly.
The jelly is severely wounded.
The jelly hits you.
* * * LOW HITPOINT WARNING * * *
The acid corrodes you!
You are splashed with acid!
The acid burns!
You die...

.........##....[......#
.........>#.#..#.#(...#
#....[......#..).).#(##
#.........##########.####
##.......## #.......#
###...### #.##.##.#
###...### #.##.##.##
#.......########.##.....#
##.............J@.#####..#
..........#..............#
.................####.####
..[..............# #.#
##...............# #.#
#..........###### #.#
###...).##.# #.#
#.#†####.# #.# #........#
#.#


You could see a jelly.

Vanquished Creatures
  2 adders (D:2)
  3 gnolls (D:2)
  A worm (D:2)
  A dart slug (D:2)
  2 leopard geckos (D:1)
  4 bats
  2 giant cockroaches (D:1)
  4 goblins
  3 hobgoblins
  A kobold (D:2)
  A quokka (D:2)
  3 frilled lizards
  5 rats (D:1)
32 creatures vanquished.

Notes
Turn   | Place    | Note
-------+----------+-------------------------------------------
     0 | D:1      | theAP the Gargoyle Fighter began the quest for the Orb.
     0 | D:1      | Reached XP level 1. HP: 14/14 MP: 1/1
   426 | D:1      | Reached XP level 2. HP: 19/19 MP: 2/2
  1066 | D:2      | Reached XP level 3. HP: 15/23 MP: 3/3
  1272 | D:2      | Found a faded altar of an unknown god.
  1673 | D:2      | Reached XP level 4. HP: 29/29 MP: 4/4
  1718 | D:2      | Reached skill level 4 in Fighting
  1856 | D:2      | Splashed by a jelly's acid

Skill      XL: |  1  2  3  4 |
---------------+-------------+-----
Maces & Flails | 3 |  3.7
Fighting       | 4 |  4.0
Armour         | |  3.4
Shields        | |  3.5

Action                   |  1- 3 |  4- 6 || total
-------------------------+-------+-------++-------
Melee: Flail             |   419 |    52 ||   471
  Use: Scroll            |     6 |       ||     6
       Potion            |     4 |       ||     4
  Eat: Chunk             |     2 |       ||     2
       Bread ration      |     1 |       ||     1
Armor: Scale mail        |    15 |       ||    15
       Chain mail        |   353 |    23 ||   376
       Plate armour      |       |    16 ||    16
Dodge: Dodged            |   114 |     8 ||   122
Block: Shield            |   349 |    28 ||   377
